 Dungeon Crawl Stone Soup version 0.22-a0-460-g49b1da7e92 (webtiles) character file.

173 Oravi the Poker (level 5, -1/41 HPs)
             Began as a Draconian Skald on June 8, 2018.
             Slain by Terence
             ... wielding a +0 trident of piercing
              (3 damage)
             ... on level 3 of the Dungeon on June 9, 2018.
             The game lasted 00:13:04 (3250 turns).

Oravi the Poker (Draconian Skald)                   Turns: 3250, Time: 00:13:04

Health: -1/41      AC:  5    Str: 13    XL:     5   Next: 28%
Magic:  1/8        EV: 11    Int: 14    God:
Gold:   87         SH:  3    Dex: 11    Spells: 4/8 levels left

rFire    . . .     SeeInvis .   l - -3 spear (curse)
rCold    . . .     Gourm    .   r - +0 buckler
rNeg     . . .     Faith    .   (armour unavailable)
rPois    +         Spirit   .   (helmet restricted)
rElec    .         Reflect  .   (no cloak)
rCorr    .         Harm     .   (no gloves)
MR       .....                  (no boots)
Stlth    +.........             (no amulet)
HPRegen  0.13/turn              n - ring of poison resistance
MPRegen  0.11/turn              (no ring)

@: infused, very slightly contaminated, slowed, very slow
A: unfitting armour, cold-blooded, AC +5
a: no special abilities


You were on level 3 of the Dungeon.
You were very hungry.

You visited 1 branch of the dungeon, and saw 3 of its levels.

You collected 87 gold pieces.

Inventory:

Hand Weapons
 a - a +0 spear
 l - a cursed -3 spear (weapon)
Missiles
 e - 59 stones (quivered)
Armour
 r - a +0 buckler (worn)
Jewellery
 n - a ring of poison resistance (left hand)
Scrolls
 f - a scroll of amnesia
 g - 2 scrolls of teleportation
 m - a scroll of identify
Potions
 b - a potion of experience {unknown}
 d - a potion of invisibility {unknown}
 h - a potion of lignification
 i - a potion of ambrosia {unknown}
 j - 2 potions of brilliance {unknown}
 k - 3 potions of curing {unknown}
 o - 2 potions of mutation {unknown}
 p - a potion of cancellation {unknown}
 q - a potion of might {unknown}
 s - a potion of berserk rage {unknown}
Comestibles
 c - 5 rations


   Skills:
 - Level 2.2 Fighting
 + Level 5.5 Polearms
 - Level 2.1 Dodging
 + Level 0.0 Shields
 + Level 2.0 Spellcasting
 + Level 0.0 Hexes
 + Level 2.7 Charms


You had 4 spell levels left.
You knew the following spells:

 Your Spells              Type           Power        Failure   Level  Hunger
a - Infusion              Chrm           #...         13%         1    ##.....
b - Spectral Weapon       Hex/Chrm       #.......     56%         3    ####...

Your spell library contained the following spells:

 Spells                   Type           Power        Failure   Level  Hunger
 Regeneration             Chrm/Necr      #.........   56%         3    ####...
 Shroud of Golubria       Chrm/Tloc      #.........   34%         2    ###....
 Song of Slaying          Chrm           #.......     19%         2    ###....


Dungeon Overview and Level Annotations

Branches:
Dungeon (3/15)

Altars:

Annotations:
D:3 Jessica, Terence


Innate Abilities, Weirdness & Mutations

Your plain brown scales are hard. (AC +5)
You cannot fit into any form of body armour.
You are cold-blooded and may be slowed by cold attacks.


Message History

You block Jessica's attack.
Casting: Spectral Weapon (quite dangerous; 56% risk of failure)
Confirm with . or Enter, or press ? or * to list all spells.
You miscast Spectral Weapon.
The light around you dims momentarily.
You are feeling very hungry.
Jessica hits you with a club. Jessica hits you but does no damage.
Terence hits you from afar with a trident of piercing.
* * * LOW HITPOINT WARNING * * *
x2
Casting: Spectral Weapon (quite dangerous; 56% risk of failure)
Confirm with . or Enter, or press ? or * to list all spells.
You begin infusing your attacks with magical energy.
Jessica misses you.
Terence hits you from afar with a trident of piercing.
* * * LOW HITPOINT WARNING * * *
x2 Jessica hits you but does no damage.
Terence hits you but does no damage. Jessica barely misses you.
Jessica mumbles some strange words.
Jessica blinks!
Terence hits you from afar with a trident of piercing.
You die...

#.........#####......##
######....# #......#
###....#####......##
#...>...............
#....@.#####......#.
#....##### ########.
#....#...## .....
#........... .....
#..@)#...### ......
#.####..ยง.#...# ......
#.......@.#...# .....#
#..###...##...## ....
#.. #..........# ...
#..##..........# ..
#..............#
#.##....######## #....#


You could see Terence and Jessica.

Vanquished Creatures
  Natasha (thrice) (D:2)
  Robin (D:2)
  An adder (D:2)
  A worm (D:2)
  2 leopard geckos (D:2)
  An orc (D:2)
  3 bats
  A bat skeleton (D:2)
  10 giant cockroaches
  17 goblins
  5 hobgoblins
  4 jackals (D:2)
  3 quokkas (D:2)
  A ball python (D:1)
  A frilled lizard (D:1)
  A giant cockroach zombie (D:2)
  4 kobolds
  A leopard gecko skeleton (D:2)
  6 rats
66 creatures vanquished.

Notes
Turn   | Place    | Note
-------+----------+-------------------------------------------
     0 | D:1      | Oravi the Draconian Skald began the quest for the Orb.
     0 | D:1      | Reached XP level 1. HP: 17/17 MP: 3/3
   279 | D:1      | Reached XP level 2. HP: 24/24 MP: 5/5
   690 | D:2      | Noticed Robin
   710 | D:2      | Reached skill level 3 in Polearms
  1128 | D:2      | Reached XP level 3. HP: 23/29 MP: 0/6
  1156 | D:2      | Killed Robin
  1177 | D:2      | Learned a level 3 spell: Spectral Weapon
  1347 | D:2      | Reached skill level 4 in Polearms
  1549 | D:2      | Noticed Natasha
  1562 | D:2      | Killed Natasha
  1562 | D:2      | Reached XP level 4. HP: 19/36 MP: 0/7
  1905 | D:2      | Noticed Natasha
  1923 | D:2      | HP: 1/36 [Natasha/magic dart (5)]
  1927 | D:2      | Killed Natasha
  2245 | D:2      | Reached skill level 5 in Polearms
  2403 | D:2      | Noticed Natasha
  2413 | D:2      | Killed Natasha
  2413 | D:2      | Reached XP level 5. HP: 24/41 MP: 0/8
  2979 | D:2      | Upgraded the game from 0.22-a0-458-gb446440d2e to 0.22-a0-460-g49b1da7e92
  3234 | D:3      | Noticed Jessica
  3235 | D:3      | Noticed Terence
  3248 | D:3      | HP: 2/41 [Terence/trident of piercing (1)]
  3250 | D:3      | Slain by Terence

Vault maps used:
D:1:      dpeg_arrival_houses_and_road, minmay_misc_feat_roman,
          minmay_pentomino_s2
D:2:      minmay_roachtagon, serial_undead, serial_undead_e, serial_undead_e,
          serial_undead_e, serial_undead_e, serial_undead_d, serial_undead_f,
          kennysheep_cross_bottleneck, uniq_robin, uniq_natasha
D:3:      first_ration, uniq_terence, uniq_jessica

Skill      XL: |  1  2  3  4 |
---------------+-------------+-----
Polearms       | 3 4 5 |  5.5
Fighting       | |  2.2
Dodging        | |  2.1
Spellcasting   | |  2.0
Charms         | |  2.7

Action                   |  1- 3 |  4- 6 || total
-------------------------+-------+-------++-------
Melee: Spear             |   188 |   126 ||   314
       Tailslap          |    13 |     8 ||    21
Throw: Stone             |    45 |    47 ||    92
 Cast: Infusion          |    12 |    11 ||    23
       Spectral Weapon   |     1 |     2 ||     3
  Use: Scroll            |     4 |       ||     4
 Stab: Sleeping          |     1 |       ||     1
  Eat: Chunk             |     3 |     5 ||     8
Armor: Skin              |    48 |    35 ||    83
Dodge: Dodged            |    97 |    69 ||   166
Block: Buckler           |       |     2 ||     2

Table legend:
 A = Spawn XP
 B = Non-spawn XP
 C = Spawn XP percentage of total XP
 D = Spawn monster count
 E = Non-spawn monster count
 F = Spawn count percentage of total count
 G = Total turns spent on level
                    A         B        C        D         E        F      G
               +---------+---------+-------+---------+---------+-------+---------
         Total |       0 |     248 |   0.0 |       0 |      66 |   0.0 |  3250
               +---------+---------+-------+---------+---------+-------+---------
           D:1 |       0 |      18 |   0.0 |       0 |      12 |   0.0 |   733
           D:2 |       0 |     223 |   0.0 |       0 |      50 |   0.0 |  2259
           D:3 |       0 |       7 |   0.0 |       0 |       4 |   0.0 |   258
               +---------+---------+-------+---------+---------+-------+---------
